 Dungeon Crawl Stone Soup version bcrawl-1.21.3 (webtiles) character file.

Game seed: 12683239407890705970

63 Flugslaktarn the Sneak (level 3, -6/23 HPs)
             Began as a Skeleton Archaeologist on Mar 28, 2020.
             Mangled by Sigmund
             ... wielding a +0 scythe
              (8 damage)
             ... on level 2 of the Dungeon.
             The game lasted 00:01:03 (1784 turns).

Flugslaktarn the Sneak (Skeleton Archaeologist)     Turns: 1784, Time: 00:01:03

Health: -6/23      AC:  9    Str: 17 (18) XL:     3   Next: 89%
Magic:  0/3        EV: 10    Int: 12      God:
Gold:   136        SH:  0    Dex:  6 (7)  Spells: 2/2 levels left

rFire    . . .     SeeInvis .   a - +0 whip
rCold    + . .     Gourm    .   (no shield)
rNeg     + + +     Faith    .   j - +0 scale mail
rPois    ∞         Spirit   +   c - +1 hat
rElec    .         Reflect  .   (no cloak)
rCorr    .         Harm     .   (no gloves)
MR       .....                  d - +1 pair of boots
Stlth    +.........             (no amulet)
HPRegen  0.07/turn              (no ring)
MPRegen  0.08/turn              (no ring)

@: no status effects
A: no food or potions, cold resistance 1, deterioration 1, negative energy
resistance 3, torment resistance, unbreathing, magic shield, sturdy frame 1,
spell healing
a: no special abilities


You were on level 2 of the Dungeon.
You were not hungry.

You visited 1 branch of the dungeon, and saw 2 of its levels.

You collected 136 gold pieces.

Inventory:

Hand Weapons
 a - a +0 whip (weapon)
Armour
 b - a +1 robe
 c - a +1 hat (worn)
 d - a +1 pair of boots (worn)
 j - a +0 scale mail (worn)
   (You took it off Terence on level 1 of the Dungeon)
Scrolls
 e - a scroll of magic mapping
 g - 2 scrolls of identify {unknown}
 h - a scroll of amnesia {unknown}
 i - a scroll of fog {unknown}
 k - a scroll of enchant weapon {unknown}
 t - 3 scrolls of teleportation
Miscellaneous
 f - a dusty tome


   Skills:
 + Level 3.5 Fighting
 - Level 1.2 Maces & Flails
 + Level 1.1 Armour
 - Level 3.0 Dodging
 - Level 3.6 Stealth


You had 2 spell levels left.
You didn't know any spells.
Your spell library was empty.

Dungeon Overview and Level Annotations

Branches:
Dungeon (2/12)

Altars:
Ashenzari

Annotations:
D:2 Sigmund


Innate Abilities, Weirdness & Mutations

You do not eat or drink.
You are immune to poison.
Your flesh is cold resistant. (rC+)
Your body sometimes deteriorates upon taking damage.
You are immune to negative energy. (rN+++)
You are immune to unholy pain and torment.
You can survive without breathing.
When hurt, damage is shared between your health and your magic reserves.
Your movements are slightly less encumbered by armour. (ER -2)
Casting spells heals you.


Message History

Unknown command.
You miss something. Something hits you but does no damage.
You barely miss something. Something hits you but does no damage.
You closely miss something. You whack something!
Something hits you but does no damage.
You miss something. Something hits you.
You hit something. Something hits you but does no damage.
You barely miss something. You closely miss something.
You hear some strange, mumbled words.
A puff of flame appears from out of thin air!
The puff of flame hits you.
* * * LOW HITPOINT WARNING * * *
You closely miss something. Something hits you.
* * * LOW HITPOINT WARNING * * *
You barely miss something. Something hits you but does no damage.
You barely miss something. You closely miss something.
You barely miss something. Something hits you!
You die...

##### #...# #...#
##...# #....
#...######..
#...........
#.{.)>......
#@###.#.###.
######.###.#.#
#[............
#.##.#.##.##.....
#.##.......#.....
#.#....#........
#.##.......###.#
#.##.#.....###.#
#..............#


There were no monsters in sight!

Vanquished Creatures
  Terence (D:1)
  A leopard gecko (D:2)
  A ball python (D:1)
  2 giant cockroaches
  4 goblins
  6 hobgoblins
  A jackal (D:2)
  4 bats
  5 frilled lizards
  5 kobolds
  6 rats
36 creatures vanquished.

Notes
Turn   | Place    | Note
-------+----------+-------------------------------------------
     0 | D:1      | Flugslaktarn the Skeleton Archaeologist began the quest for
                  | the Orb.
     0 | D:1      | Reached XP level 1. HP: 12/12 MP: 1/1
   595 | D:1      | Reached XP level 2. HP: 17/17 MP: 2/2
  1032 | D:2      | Noticed Terence
  1063 | D:1      | Killed Terence
  1063 | D:1      | Reached XP level 3. HP: 3/23 MP: 1/3
  1394 | D:2      | Found a shattered altar of Ashenzari.
  1662 | D:2      | Reached skill level 1 in Armour
  1750 | D:2      | Noticed Sigmund
  1784 | D:2      | Mangled by Sigmund

Skill      XL: |  1  2  3 |
---------------+----------+-----
Fighting       | 2 3 |  3.5
Armour         | 1 |  1.1
Maces & Flails | |  1.2
Dodging        | |  3.0
Stealth        | |  3.6

Action                   || total
-------------------------++-------
Melee: Whip              ||   175
  Use: Scroll            ||     1
 Stab: Sleeping          ||     4
Armor: Robe              ||    24
       Scale mail        ||    35
Dodge: Dodged            ||   117
